 Dungeon Crawl Stone Soup version 0.28-a0-175-gb2089b6bb7 (webtiles) character file.

Game seed: 1685983762999777882

41 Nattfarinn the Magician (level 3, 0/29 HPs)
             Began as a Djinni Venom Mage on Aug 17, 2021.
             Slain by a kobold (2 damage)
             ... on level 2 of the Dungeon.
             The game lasted 00:01:03 (1216 turns).

Nattfarinn the Magician (Djinni Venom Mage)         Turns: 1216, Time: 00:01:04

Health: 0/29       AC:  2    Str:  7    XL:     3   Next: 75%
Gold:   76         EV: 12    Int: 17    God:
                   SH:  0    Dex: 13

rFire   + + .      SeeInvis .   (no weapon)
rCold   x . .      Faith    .   (no shield)
rNeg    . . .      Spirit   .   a - +0 robe
rPois   ∞          Reflect  .   (no helmet)
rElec   .          Harm     .   (no cloak)
rCorr   .          Rampage  .   (no gloves)
Will    .....                   (boots unavailable)
Stlth   ++........              (no amulet)
HPRegen 0.09/turn               (no ring)
MPRegen 0.00/turn               (no ring)

@: flying, very slightly contaminated
A: sickness immunity, fire resistance 2, cold vulnerability 1, float, innate
caster, hp casting, extra vitality 1
a: no special abilities


You were on level 2 of the Dungeon.
You visited 1 branch of the dungeon, and saw 2 of its levels.

You collected 76 gold pieces.

Inventory:

Armour
 a - a +0 robe (worn)
Scrolls
 d - a scroll of teleportation {unknown}
 f - a scroll of immolation {unknown}
 g - 2 scrolls of enchant weapon {unknown}
Potions
 b - a potion of heal wounds {unknown}
 c - a potion of berserk rage {unknown}
 e - a potion of lignification {unknown}
 h - a potion of attraction {unknown}


   Skills:
 * Level 2.4 Fighting
 - Level 2.1 Dodging
 - Level 1.5 Stealth
 + Level 2.8 Spellcasting


You couldn't memorise any spells.
You knew the following spells:

 Your Spells              Type           Power      Damage    Failure   Level
a - Sting                 Tmut/Pois      48%        1d5       5%          1
b - Poisonous Vapours     Pois/Air       24%        N/A       9%          2
c - Mephitic Cloud        Conj/Pois/Air  12%        N/A       17%         3
d - Olgreb's Toxic Radia  Pois           12%        N/A       50%         4
e - Magic Dart            Conj           48%        1d5       5%          1
Your spell library was empty.

Dungeon Overview and Level Annotations

Branches:
Dungeon (2/15)

Altars:


Innate Abilities, Weirdness & Mutations

You are immune to sickness and miasma.
You are immune to poison.
Your flesh is very heat resistant. (rF++)
You are vulnerable to cold. (rC-)
You float through the air rather than walking.
You learn spells naturally, not from books.
Your magical power is your life essence.
You have superior vitality. (+4 HP)


Message History

The endoplasm is almost dead.
The endoplasm jiggles.
The endoplasm freezes you.
You are frozen.
You feel a terrible chill!
* * * LOW HITPOINT WARNING * * *
You kill the endoplasm!
The kobold throws a stone.
The stone hits you but does no damage.
The kobold throws a stone.
The stone hits you.
* * * LOW HITPOINT WARNING * * *
Casting: Sting (safe; 5% risk of failure)
Confirm with . or Enter, or press ? or * to list all spells.
You can't see any susceptible monsters within range! (Use Z to cast anyway.) Unknown command.
Casting: Sting (safe; 5% risk of failure)
Confirm with . or Enter, or press ? or * to list all spells.
Aiming: Sting (safe; 5% risk of failure)
Press: ? - help, Shift-Dir - straight line, f - kobold
Aim: a kobold, wielding a +0 short sword and quivering stones (64% to hit)
You miscast Sting.
You are very lightly contaminated with residual magic.
Nothing appears to happen.
* * * LOW HITPOINT WARNING * * *
Casting: Sting (safe; 5% risk of failure)
Confirm with . or Enter, or press ? or * to list all spells.
Aiming: Sting (safe; 5% risk of failure)
Press: ? - help, Shift-Dir - straight line, f/p - kobold
Aim: a kobold, wielding a +0 short sword and quivering stones (64% to hit)
The sting misses the kobold.
* * * LOW HITPOINT WARNING * * *
The kobold hits you but does no damage.
Unknown command.
Casting: Sting (safe; 5% risk of failure)
Confirm with . or Enter, or press ? or * to list all spells.
Aiming: Sting (safe; 5% risk of failure)
Press: ? - help, Shift-Dir - straight line, f/p - kobold
Aim: a kobold, wielding a +0 short sword and quivering stones (64% to hit)
You miscast Sting.
Nothing appears to happen.
* * * LOW HITPOINT WARNING * * *
The kobold hits you with a +0 short sword.
You die...

##... ....# #...# #...#
#...# #...### #
######.....## .#
#...........#########.#
#.<.....@K............#
#.#
#..#####....######..###
#.###..# #.#.## ##†#
#.##...# #.#.# ##..#
#.##.#.#####.#.# ##..##
#.##.#.......#.# #.)##
####...[#....####.#
#.†..# #....#######.#
#.# #..##..#
#....#....# #.##..#
...#


You could see a kobold.

Vanquished Creatures
  2 adders (D:2)
  A dart slug (D:2)
  3 endoplasms
  A giant cockroach (D:2)
  4 goblins
  A hobgoblin (D:2)
  2 quokkas (D:1)
  3 ball pythons
  2 rats
19 creatures vanquished.

Vanquished Creatures (others)
  A fungus (D:2)
  2 plants (D:2)
3 creatures vanquished.

Grand Total: 22 creatures vanquished

Notes
Turn   | Place    | Note
-------+----------+-------------------------------------------
     0 | D:1      | Nattfarinn the Djinni Venom Mage began the quest for the
                  | Orb.
     0 | D:1      | Reached XP level 1. HP: 15/15 MP: 0/0
   622 | D:1      | Reached skill level 1 in Fighting
   631 | D:1      | Reached XP level 2. HP: 17/22 MP: 0/0
   778 | D:1      | You are sucked into a shaft and drop 1 floor!
   843 | D:2      | Found a faded altar of an unknown god.
   856 | D:2      | Reached XP level 3. HP: 27/28 MP: 0/0
   856 | D:2      | Learned a level 1 spell: Magic Dart
  1216 | D:2      | Slain by a kobold

Illustrated notes

Levels and vault maps discovered:
D:1:      lordsloth_arrival_two_stooges, layout_loops_ring,
          grunt_decor_mini_mirrors
D:2:      minmay_alternating_diamond, layout_loops_ring,
          shapermc_ecumenical_altar_mp_ritualfount, minmay_heptomino_l4,
          uniq_terence

Skill      XL: |  1  2  3 |
---------------+----------+-----
Fighting       | 1 2 |  2.4
Dodging        | |  2.1
Stealth        | |  1.5
Spellcasting   | |  2.8

Action                   || total
-------------------------++-------
Melee: Unarmed           ||     2
 Cast: Sting             ||    48
Armor: Robe              ||    10
Dodge: Dodged            ||    25

Table legend: (Time is in decaauts)
 A = Elapsed time spent in this place.
 B = Non-inter-level travel time spent in this place.
 C = Inter-level travel time spent in this place.
 D = Time resting spent in this place.
 E = Time spent auto-exploring this place.
 F = Levels seen in this place.
 G = Mean time per level.
                   A        B        C        D        E       F      G
               +--------+--------+--------+--------+--------+-----+--------+
         Total |   1215 |   1215 |      0 |      0 |   1092 |   2 |  607.5 |
       Dungeon |   1215 |   1215 |      0 |      0 |   1092 |   2 |  607.5 |
               +--------+--------+--------+--------+--------+-----+--------+

Top non-repeatable levels by time:
     D:1: 778 daAuts
     D:2: 437 daAuts
